 Dungeon Crawl Stone Soup version 0.22.1-1-ga44c0e56f4 (webtiles) character file.

21440 Gargoyl the Cleaver (level 12, -4/101 HPs)
             Began as a Centaur Abyssal Knight on Nov 3, 2018.
             Was an Elder of Lugonu.
             Killed from afar by a fire dragon (24 damage)
             ... with a blast of flame
             ... on level 12 of the Dungeon.
             The game lasted 00:39:35 (24701 turns).

Gargoyl the Cleaver (Centaur Abyssal Knight)       Turns: 24701, Time: 00:39:36

Health: -4/101     AC: 26    Str: 16    XL:     12   Next: 54%
Magic:  19/19      EV:  4    Int: 11    God:    Lugonu [****..]
Gold:   684        SH:  3    Dex: 13    Spells: 11/11 levels left

rFire    + . .     SeeInvis .   h - +6 war axe of Wrongful Imprisonment {chop, MR+}
rCold    . . .     Gourm    .   l - +0 buckler
rNeg     + + .     Faith    .   H - +2 chain mail {rF+}
rPois    .         Spirit   .   (no helmet)
rElec    .         Reflect  .   v - +2 cloak {MR+}
rCorr    .         Harm     .   u - +0 pair of gloves
MR       +++..                  d - +3 centaur barding {Fly}
Stlth    ..........             (no amulet)
HPRegen  0.26/turn              C - ring of positive energy
MPRegen  0.16/turn              p - ring of positive energy

@: flying, very quick
A: large, hooves 3, deformed body, speed 2, magic resistance 1, screaming 1,
tough skin 3, MP-powered wands
a: Depart the Abyss, Bend Space, Banish, Corrupt, Renounce Religion, Stop Flying


You were on level 12 of the Dungeon.
You worshipped Lugonu.
Lugonu was greatly pleased with you.
You were not hungry.

You visited 1 branch of the dungeon, and saw 13 of its levels.
You visited the Abyss 5 times.
You also visited: Labyrinth and Sewer.

You collected 684 gold pieces.

Inventory:

Hand Weapons
 a - a +2 hand axe
 h - the +6 war axe of Wrongful Imprisonment (weapon) {chop, MR+}
   (You found it on level 10 of the Dungeon)

   It inflicts extra damage upon your enemies.
   It affects your resistance to hostile enchantments.
 n - a +4 hand axe of chopping
 r - a +2 hand axe of chopping
Missiles
 y - 2 large rocks
 G - 17 javelins (quivered)
Armour
 d - a +3 centaur barding of flying (worn)
 l - a +0 buckler (worn)
 u - a +0 pair of gloves (worn)
 v - a +2 cloak of magic resistance (worn)
 H - a +2 chain mail of fire resistance (worn)
Jewellery
 p - a ring of positive energy (right hand)
 C - a ring of positive energy (left hand)
Wands
 g - a wand of acid (7)
 t - a wand of flame (56)
 x - a wand of polymorph (17)
 E - a wand of iceblast (22)
Scrolls
 b - 5 scrolls of remove curse
 e - 2 scrolls of blinking
 j - 5 scrolls of identify
 q - a scroll of fear
 A - a scroll of amnesia
 D - a scroll of magic mapping
 F - a scroll of enchant weapon
Potions
 f - 4 potions of curing
 i - 4 potions of brilliance
 k - 6 potions of agility
 m - 2 potions of flight
 o - a potion of lignification
 s - 3 potions of haste
 w - a potion of magic
 z - a potion of cancellation
Comestibles
 c - 5 rations


   Skills:
 + Level 8.1 Fighting
 + Level 10.8 Axes
 * Level 10.2 Armour
 + Level 2.9 Dodging
 + Level 0.9 Shields
 * Level 9.6 Invocations
 + Level 0.4 Evocations


You had 11 spell levels left.
You didn't know any spells.
Your spell library was empty.

Dungeon Overview and Level Annotations

Branches:
Dungeon (13/15)            Temple (0/1) D:7            Lair (0/6) D:11
    Orc (0/2) D:10
 Vaults: D:13-14

Altars:
Ashenzari
Cheibriados
Elyvilon
Gozag
Hepliaklqana
Kikubaaqudgha
Makhleb
Nemelex Xobeh
Qazlal
Ru
Sif Muna
Xom
The Shining One
Beogh

Annotations:
D:10 Sonja


Innate Abilities, Weirdness & Mutations

You have hooves in place of feet.
Armour fits poorly on your strangely shaped body.
You cover ground very quickly.
You have extremely tough skin. (AC +3)
You are resistant to hostile enchantments. (MR+)
You occasionally shout uncontrollably at your foes.
You expend magic power (3 MP) to strengthen your wands.


Message History

The fire dragon tramples you but does no damage.
Unknown command.
You slash the fire dragon!
The fire dragon is almost dead.
The fire dragon barely misses you.
The fire dragon claws you but does no damage.
The fire dragon tramples you but does no damage.
Unknown command.
Your chain mail prevents you from hitting the fire dragon.
The fire dragon is almost dead.
The fire dragon bites you!
* * * LOW HITPOINT WARNING * * *
The fire dragon claws you.
* * * LOW HITPOINT WARNING * * *
The fire dragon tramples you but does no damage.
You feel better.
The slime creature hits you but does no damage.
The fire dragon breathes flames at you. The blast of flame hits you!
You resist.
You die...

#..........# ###....#
#...J......# #.'....#
############..........# #.#....#
..D..e..)..'..........# #.#....#
############..........###.#....#
#......(...'...#....#
#....!.....#####....#
#...JD?....# ###### #....@.....#
############


You could see a fire dragon and 2 slime creatures.

Vanquished Creatures
  A minotaur (Lab)
  Snorg (D:12)
  The ghost of Mjsee792 the Fighter, a journeyman MiBe of Trog (D:10)
  A great orb of eyes (Abyss:2)
  Harold (D:11)
  The ghost of NeAGen181 the Warrior, a novice HOFi of Beogh (D:10)
  2 two-headed ogres
  A deep elf mage (D:11)
  An ugly thing (D:11)
  2 cyclopes
  3 centaur zombies
  Psyche (D:9)
  Joseph (D:8)
  2 slime creatures (D:12)
  A hornet (D:10)
  3 hippogriffs
  The ghost of chimenez the Cudgeler, an amateur GrMo (D:4)
  Sigmund (D:5)
  22 yaks
  A wyvern (D:9)
  A steam dragon (D:12)
  2 hungry ghosts
  13 orc warriors
  2 porcupines (D:11)
  2 black bears
  2 ice beasts
  3 sky beasts
  7 phantoms
  6 ogres
  5 crocodiles (D:11)
  A centaur (D:9)
  The ghost of topfpfpflanze the Digger, an amateur OpEE (D:4)
  13 bullfrogs
  5 big kobolds
  Blork the orc (D:6)
  A wyvern zombie (D:8)
  5 scorpions
  6 killer bees
  3 wights (D:10)
  3 howler monkeys (D:9)
  2 bullfrog zombies (D:12)
  5 crimson imps
  11 hounds
  A quasit (Abyss:2)
  A bullfrog skeleton (D:10)
  A jelly (D:7)
  10 orc priests
  Crazy Yiuf (D:5)
  8 orc wizards
  5 iguanas
  4 worker ants
  A killer bee zombie (D:8)
  A hound skeleton (D:9)
  A mummy (D:6)
  2 worker ant zombies
  A howler monkey skeleton (D:9)
  6 adders
  8 gnolls
  11 river rats
  6 shadow imps
  An ufetubus (Abyss:2)
  3 oozes
  2 adder skeletons (D:4)
  2 adder zombies
  2 worms
  3 dart slugs
  7 leopard geckos
  76 orcs
  8 ball pythons
  2 giant cockroaches
  4 goblins
  3 hobgoblins
  12 jackals
  8 quokkas
  A ball python skeleton (D:4)
  5 bats
  4 frilled lizards
  A hobgoblin zombie (D:6)
  39 kobolds
  A kobold zombie (D:6)
  2 leopard gecko skeletons
  2 orc zombies (D:6)
  25 rats
  2 plants (D:6)
431 creatures vanquished.

Vanquished Creatures (collateral kills)
  A jelly (D:8)
1 creature vanquished.

Vanquished Creatures (others)
  An orc knight (D:9)
  A yak (D:9)
  An orc warrior (D:6)
  25 fungi (D:11)
  11 plants (D:11)
  5 withered plants
44 creatures vanquished.

Grand Total: 476 creatures vanquished

Notes
Turn   | Place    | Note
-------+----------+-------------------------------------------
     0 | Abyss:1  | Gargoyl the Centaur Abyssal Knight began the quest for the
                  | Orb.
     0 | Abyss:1  | Reached XP level 1. HP: 19/19 MP: 2/2
    14 | Abyss:2  | Noticed a ynoxinul
    54 | Abyss:2  | Identified a scroll of acquirement
    56 | D:1      | Escaped the Abyss
   529 | D:1      | Reached XP level 2. HP: 22/26 MP: 3/3
   663 | D:1      | Reached * piety under Lugonu
  1474 | D:2      | Found a shimmering altar of Xom.
  1475 | D:2      | Found a hazy altar of Hepliaklqana.
  1476 | D:2      | Noticed a spectral ugly thing
  1672 | D:2      | Noticed a phantom
  1695 | D:2      | Gained mutation: Scrolls take you a little longer to read.
                  | [potion of mutation]
  1695 | D:2      | Gained mutation: You are robust. (+10% HP) [potion of
                  | mutation]
  1834 | D:3      | Reached XP level 3. HP: 22/34 MP: 4/4
  1909 | D:3      | Noticed a bullfrog
  1919 | D:3      | Killed a bullfrog
  1919 | D:3      | Reached skill level 1 in Dodging
  1919 | D:3      | Reached XP level 4. HP: 22/41 MP: 4/6
  2048 | D:3      | Found a faded altar of an unknown god.
  2110 | D:3      | Found a glowing golden altar of the Shining One.
  2111 | D:3      | Found a burning altar of Makhleb.
  2111 | D:3      | Found a deep blue altar of Sif Muna.
  2137 | D:3      | Found an ancient bone altar of Kikubaaqudgha.
  2137 | D:3      | Found a white marble altar of Elyvilon.
  2139 | D:3      | Found a shattered altar of Ashenzari.
  2139 | D:3      | Found an opulent altar of Gozag.
  2140 | D:3      | Found a stormy altar of Qazlal.
  2154 | D:3      | Found a glowing drain.
  2163 | Sewer    | Entered a sewer
  2189 | Sewer    | Reached XP level 5. HP: 19/49 MP: 7/7
  2864 | Sewer    | Reached ** piety under Lugonu
  3315 | Sewer    | Reached XP level 6. HP: 51/57 MP: 8/8
  3805 | D:3      | Reached *** piety under Lugonu
  4236 | D:4      | Found a runed gate.
  4236 | D:4      | Found a runed gate.
  4236 | D:4      | Found a runed gate.
  4236 | D:4      | Noticed chimenez's ghost (amateur GrMo)
  4264 | D:4      | Noticed topfpfpflanze's ghost (amateur OpEE)
  4872 | D:4      | Reached XP level 7. HP: 51/64 MP: 9/9
  5491 | D:2      | You are sucked into a shaft!
  5967 | D:4      | Killed chimenez's ghost
  5971 | D:4      | Killed topfpfpflanze's ghost
  6159 | D:5      | Entered Level 5 of the Dungeon
  6177 | D:5      | Found a snail-covered altar of Cheibriados.
  6208 | D:5      | Noticed Sigmund
  6217 | D:5      | Killed Sigmund
  6217 | D:5      | Reached skill level 5 in Axes
  6217 | D:5      | Reached XP level 8. HP: 69/73 MP: 11/11
  6382 | D:5      | Lost mutation: You are robust. (+10% HP) [potion of
                  | mutation]
  6382 | D:5      | Lost mutation: Scrolls take you a little longer to read.
                  | [potion of mutation]
  6382 | D:5      | Gained mutation: Your mind is acute. (Int +2) [potion of
                  | mutation]
  6382 | D:5      | Gained mutation: Your magical capacity is low. (-10% MP)
                  | [potion of mutation]
  6382 | D:5      | Gained mutation: You are robust. (+10% HP) [potion of
                  | mutation]
  6932 | D:5      | Found a runed door.
  7070 | D:5      | Reached **** piety under Lugonu
  7201 | D:5      | Reached skill level 5 in Invocations
  7274 | D:5      | Lost mutation: You are robust. (+10% HP) [potion of
                  | mutation]
  7274 | D:5      | Lost mutation: Your magical capacity is low. (-10% MP)
                  | [potion of mutation]
  7274 | D:5      | Lost mutation: Your mind is acute. (Int +2) [potion of
                  | mutation]
  7274 | D:5      | Gained mutation: You are resistant to hostile enchantments.
                  | (MR+) [potion of mutation]
  7274 | D:5      | Gained mutation: You occasionally shout uncontrollably at
                  | your foes. [potion of mutation]
  7274 | D:5      | Gained mutation: You expend magic power (3 MP) to
                  | strengthen your wands. [potion of mutation]
  7366 | D:5      | Noticed Crazy Yiuf
  7372 | D:5      | Paralysed by Crazy Yiuf for 5 turns
  7379 | D:5      | Killed Crazy Yiuf
  7600 | D:6      | Reached skill level 5 in Armour
  8014 | D:7      | Reached skill level 5 in Fighting
  8314 | D:7      | Found a staircase to the Ecumenical Temple.
  8339 | D:7      | Noticed a hippogriff
  8349 | D:7      | Killed a hippogriff
  8349 | D:7      | Reached XP level 9. HP: 49/74 MP: 13/13
  8441 | D:7      | Got a smoking battleaxe {chop}
  8442 | D:7      | Identified the +4 battleaxe of Sharkskin {chop, rElec rN+}
                  | (You took it off a big kobold on level 7 of the Dungeon)
  9108 | D:6      | Noticed Blork the orc
  9119 | D:6      | Killed Blork the orc
  9144 | D:6      | Reached ***** piety under Lugonu
  9147 | D:6      | Found a sacrificial altar of Ru.
 10465 | D:8      | Noticed Joseph
 10520 | D:8      | Killed Joseph
 10740 | D:7      | Reached XP level 10. HP: 60/83 MP: 14/14
 11178 | D:8      | Found a sacrificial altar of Ru.
 11350 | D:8      | Noticed a two-headed ogre
 11367 | D:8      | Killed a two-headed ogre
 12865 | D:9      | Noticed a two-headed ogre
 12886 | D:9      | Killed a two-headed ogre
 13059 | D:10     | Entered Level 10 of the Dungeon
 13064 | D:10     | Noticed Psyche
 13272 | D:9      | Killed Psyche
 13480 | D:9      | Reached XP level 11. HP: 21/91 MP: 16/16
 15385 | D:10     | Found a runed gate.
 15972 | D:10     | Found a runed gate.
 15972 | D:10     | Found a runed gate.
 15978 | D:10     | Noticed Mjsee792's ghost (journeyman MiBe)
 15979 | D:10     | Noticed NeAGen181's ghost (novice HOFi)
 15987 | D:10     | Found a roughly hewn altar of Beogh.
 15987 | D:10     | Found a staircase to the Orcish Mines.
 15990 | D:10     | Noticed an orc knight
 16005 | D:10     | HP: 4/92 [orc warrior/enchanted glaive (25)]
 16391 | D:9      | Banished an orc knight
 16824 | D:10     | Noticed Sonja
 17145 | D:10     | Cast into level 1 of the Abyss (Sonja)
 17190 | D:10     | Escaped the Abyss
 17723 | D:10     | Cast into level 2 of the Abyss (Sonja)
 17791 | D:10     | Escaped the Abyss
 18013 | D:10     | Cast into level 2 of the Abyss (Sonja)
 18013 | Abyss:2  | Found a corrupted altar of Lugonu.
 18016 | Abyss:2  | Found a corrupted altar of Lugonu.
 18025 | Abyss:2  | Found a corrupted altar of Lugonu.
 18025 | Abyss:2  | Found a corrupted altar of Lugonu.
 18082 | Abyss:2  | Noticed a great orb of eyes
 18106 | Abyss:2  | Killed a great orb of eyes
 18117 | D:10     | Escaped the Abyss
 18447 | D:10     | Cast into level 1 of the Abyss (Sonja)
 18447 | Abyss:1  | Found a burning altar of Makhleb.
 18464 | Abyss:1  | Noticed a wretched star
 18465 | D:10     | Escaped the Abyss
 18697 | D:11     | Noticed a red ugly thing
 18718 | D:11     | Killed a red ugly thing
 18766 | D:11     | Found a labyrinth entrance.
 18777 | Lab      | Entered a labyrinth
 19337 | Lab      | Noticed a minotaur
 19350 | Lab      | Killed a minotaur
 19353 | Lab      | Got a scorched demon trident {freeze}
 19441 | D:10     | Reached skill level 10 in Axes
 19920 | D:11     | Found a staircase to the Lair.
 20220 | D:10     | Killed Mjsee792's ghost
 20227 | D:10     | Killed NeAGen181's ghost
 20227 | D:10     | Reached XP level 12. HP: 26/100 MP: 18/18
 20240 | D:10     | Got a slimy war axe
 20243 | D:10     | Identified the +3 demon trident of a Million Realms
                  | {freeze, rC+ rN+ Str-4} (You took it off a minotaur in a
                  | labyrinth)
 20245 | D:10     | Identified the +6 war axe of Wrongful Imprisonment {chop,
                  | MR+} (You found it on level 10 of the Dungeon)
 21239 | D:11     | Noticed Harold
 21257 | D:11     | Killed Harold
 22162 | D:12     | Noticed a fire dragon
 22490 | D:12     | Found a sparkling altar of Nemelex Xobeh.
 23482 | D:11     | Reached skill level 10 in Armour
 24304 | D:12     | Noticed Snorg
 24320 | D:12     | Killed Snorg
 24701 | D:12     | Killed from afar by a fire dragon

Skill      XL: |  1  2  3  4  5  6  7  8  9 10 11 12 |
---------------+-------------------------------------+-----
Axes           | 2 3 5 6 7 9 10 | 10.8
Armour         | 2 3 4 5 6 8 9 10 | 10.2
Dodging        | 1 2 |  2.9
Invocations    | 3 4 5 6 7 9 |  9.6
Fighting       | 4 5 6 7 8 |  8.1
Shields        | |  0.9
Evocations     | |  0.4

Action                   |  1- 3 |  4- 6 |  7- 9 | 10-12 || total
-------------------------+-------+-------+-------+-------++-------
Melee: Hand axe          |    79 |   258 |   463 |   686 ||  1486
       Kick              |    16 |    49 |   126 |   263 ||   454
       War axe           |       |       |       |   230 ||   230
Throw: Javelin           |       |       |       |     3 ||     3
Invok: Depart the Abyss  |     1 |       |       |     4 ||     5
       Banish            |       |       |     1 |     2 ||     3
       Bend Space        |       |       |       |     7 ||     7
Evoke: Wand              |       |       |       |     1 ||     1
  Use: Scroll            |     9 |     1 |    11 |    11 ||    32
       Potion            |     3 |     1 |     4 |    10 ||    18
  Eat: Chunk             |     1 |     5 |     7 |    12 ||    25
       Ration            |       |     1 |     3 |    10 ||    14
Armor: Leather armour    |    40 |       |       |       ||    40
       Chain mail        |    18 |   328 |   382 |   660 ||  1388
       Skin              |       |       |    40 |       ||    40
       Plate armour      |       |       |       |   149 ||   149
Dodge: Dodged            |    32 |    46 |    60 |   153 ||   291
Block: Buckler           |       |       |       |    34 ||    34
